Map: Apotheosis LE

Players

Fropez - Winner!

  • Race: Protoss Protoss
  • League: Gold
  • Spawn Location: 5:00

Spets

  • Race: Zerg Zerg
  • Spawn Location: 11:00

VOD

Have the link to the VOD?

Description

Time

  • Played on: Sept. 6, 2016, 2:17 p.m.
  • Length: 13:12
Show
View Real Time Build Order
Export as new Build Order

Fropez Protoss - Winner!

Build Orders: Nexus First 

Get SALT Encoding   

  12  0:01  Probe (Chrono Boost)  
  13  0:18  Probe (Chrono Boost)  
  13  0:19  Pylon  
  14  0:51  Nexus  
  15  0:57  Probe (Chrono Boost)  
  15  1:11  Probe (Chrono Boost), Gateway  
  16  1:31  Probe (Chrono Boost)  
  16  1:32  Assimilator  
  17  1:51  Pylon  
  17  1:55  Probe (Chrono Boost)  
  18  2:02  Cybernetics Core  
  18  2:03  Probe (Chrono Boost)  
  19  2:13  Probe (Chrono Boost)  
  20  2:18  Gateway  
  20  2:30  Probe (Chrono Boost)  
  20  2:32  Probe (Chrono Boost)  
  22  2:38  Gateway  
  22  2:40  Pylon  
  22  2:41  Mothership Core (Chrono Boost)  
  22  2:43  Assimilator  
  22  2:44  Probe (Chrono Boost)  
  25  2:52  Assimilator  
  25  2:54  Probe (Chrono Boost)  
  25  2:56  Adept  
  28  2:59  Probe (Chrono Boost)  
  28  3:01  Warp Gate (Chrono Boost)  
  28  3:04  Probe (Chrono Boost)  
  30  3:10  Probe (Chrono Boost)  
  31  3:30  Twilight Council, Probe  
  31  3:31  Probe  
  31  3:34  Adept, Pylon  
  33  3:35  Adept  
  33  3:39  Adept  
  39  3:41  Probe  
  39  3:47  Probe  
  41  3:56  Probe  
  41  4:01  Probe  
  43  4:06  Resonating Glaives  
  43  4:08  Robotics Facility  
  43  4:13  Adept  
  45  4:24  Pylon  
  45  4:27  Assimilator  
  45  4:31  Probe  
  45  4:32  Probe  
  47  4:44  Probe  
  47  4:45  Probe  
  49  4:56  Immortal (Chrono Boost)  
  53  5:00  Probe  
  53  5:01  Probe  
  55  5:07  Gateway  
  55  5:08  Gateway  
  55  5:10  Pylon  
  54  5:23  Sentry x3  
  60  5:31  Probe x2  
  62  5:46  Charge (Chrono Boost)  
  62  5:54  Zealot  
  62  5:55  Zealot x2  
  63  6:04  Immortal (Chrono Boost)  
  67  6:16  Probe x2  
  69  6:19  Zealot x2  
  69  6:20  Zealot x2  
  77  6:38  Nexus  
  77  6:41  Pylon, Probe  
  78  6:51  Pylon  
  78  6:57  Observer  
  79  7:03  Adept x3  
  79  7:38  Immortal  
  79  7:41  Zealot x4  
  79  7:42  Zealot  
  89  7:46  Probe  
  89  7:47  Probe  
  91  8:03  Gateway x2  
  91  8:12  Immortal  
  91  8:18  Adept x5  
  105  8:21  Probe  
  105  8:22  Probe  
  105  8:25  Assimilator  
  107  8:27  Assimilator  
  107  8:41  Zealot  
  107  8:48  Pylon  
  109  8:50  Pylon  
  109  8:53  Pylon, Gateway  
  109  8:55  Gateway  
  109  9:03  Forge  
  109  9:04  Forge  
  109  9:05  Gateway  
  109  9:08  Gateway  
  101  9:38  Pylon  
  101  9:39  Pylon  
  101  9:41  Pylon  
  101  9:42  Pylon  
  101  9:45  Pylon  
  101  9:56  Immortal  
  104  10:14  Stalker x4  
  104  10:15  Stalker x2  
  116  10:32  Pylon x2  
  116  10:33  Photon Cannon  
  116  10:50  Immortal  
  113  11:07  Zealot x4  
  113  11:09  Zealot x5  
Show
View Real Time Build Order
Export as new Build Order

Spets Zerg 

Build Orders: Hatch First 

Get SALT Encoding   

  12  0:00  Drone  
  13  0:08  Drone  
  14  0:18  Overlord  
  14  0:22  Extractor  
  14  0:24  Drone  
  15  0:36  Drone x2  
  17  0:54  Hatchery  
  16  0:57  Drone  
  16  1:01  Drone  
  18  1:06  Drone  
  19  1:11  Extractor  
  19  1:17  Drone  
  19  1:23  Spawning Pool  
  18  1:31  Drone  
  19  1:40  Drone  
  20  1:50  Drone  
  21  1:58  Drone  
  22  2:10  Overlord  
  22  2:12  Queen x2  
  26  2:18  Metabolic Boost  
  26  2:23  Drone x2  
  28  2:33  Hatchery  
  28  2:36  Drone  
  28  2:37  Drone  
  28  2:40  Drone  
  30  2:44  Drone  
  30  2:47  Overlord  
  31  2:54  Overlord  
  31  3:00  Drone x2  
  33  3:06  Drone  
  34  3:24  Zergling x16  
  42  3:40  Overlord  
  42  3:42  Lair  
  42  3:43  Drone x2  
  42  3:48  Drone x2  
  46  3:54  Drone  
  46  3:55  Drone x6  
  53  4:01  Extractor  
  52  4:03  Evolution Chamber  
  52  4:04  Evolution Chamber, Drone x3  
  52  4:05  Queen  
  54  4:19  Drone  
  54  4:20  Drone  
  54  4:23  Extractor  
  55  4:25  Extractor, Drone x2  
  55  4:29  Zerg Missile Weapons Level 1  
  55  4:30  Hatchery  
  55  4:33  Extractor, Drone  
  55  4:34  Extractor, Drone  
  55  4:39  Overlord x2  
  55  4:55  Hatchery  
  54  5:01  Drone x2  
  54  5:02  Drone x4  
  54  5:04  Zerg Ground Armor Level 1  
  60  5:09  Drone  
  60  5:10  Roach Warren, Drone x2  
  60  5:11  Drone  
  63  5:18  Overlord x2  
  63  5:29  Drone x2  
  63  5:30  Drone  
  63  5:31  Drone  
  65  5:43  Drone x4  
  65  5:44  Drone  
  69  5:51  Drone x5  
  69  5:52  Drone x5  
  69  5:56  Glial Reconstitution  
  78  5:59  Hydralisk Den  
  78  6:03  Extractor  
  73  6:06  Overlord  
  73  6:07  Roach x4  
  73  6:08  Roach  
  73  6:09  Extractor  
  82  6:12  Queen  
  82  6:16  Overlord  
  84  6:23  Roach x5  
  94  6:41  Queen  
  96  6:48  Overseer  
  96  6:54  Muscular Augments  
  96  6:55  Hydralisk  
  96  6:56  Hydralisk x11  
  96  6:59  Overlord  
  120  7:12  Overseer  
  120  7:15  Zerg Ground Armor Level 2, Zerg Missile Weapons Level 2  
  120  7:17  Overlord x2  
  112  7:38  Hydralisk x5, Roach x2  
  112  7:39  Roach x5  
  135  8:01  Overlord x2  
  135  8:02  Overseer  
  135  8:21  Ravager x3  
  135  8:22  Ravager x2  
  135  8:23  Ravager  
  135  8:24  Ravager x2  
  135  8:26  Ravager x2  
  145  8:28  Ravager x7  
  152  8:37  Overlord x2  
  152  8:39  Hatchery  
  151  8:42  Drone x8  
  151  8:43  Drone x6  
  165  9:00  Hatchery  
  164  9:30  Zergling x2  
  164  9:31  Zergling x26  
  175  9:32  Zergling x6  
  175  9:35  Overlord x3  
  181  9:47  Spore Crawler, Hatchery  
  181  9:48  Spore Crawler  
  181  9:49  Spine Crawler  
  181  9:50  Spine Crawler  
  181  9:52  Spine Crawler  
  175  10:11  Pneumatized Carapace  
  175  10:20  Zerg Melee Weapons Level 1  
  175  10:23  Tunneling Claws, Evolution Chamber, Infestation Pit  
  175  10:26  Burrow  
  173  10:29  Drone x3  
  173  10:30  Drone x3  
  173  10:31  Drone  
  173  10:32  Drone x17  
  173  10:35  Drone x2  
  199  10:37  Overlord  
  199  11:07  Spire, Hive  
  197  11:12  Spire  
  164  11:52  Extractor, Overseer  
  164  11:53  Extractor, Drone x3  
  165  12:10  Hydralisk x3  
  165  12:11  Hydralisk x4, Roach x4  
  165  12:12  Hydralisk, Roach x5  
  199  12:20  Overseer  
  199  12:21  Overseer  
  199  12:28  Extractor  
  199  12:29  Extractor  
  196  12:40  Ravager  
  196  12:41  Ravager x2  
Tags
 
League
Gold
Matchup
PvZ
Replay Pack
All Mines
Spawn Locations
Cross Positions
Add a new tag
Caveats
  • Supply blocks, unpowered buildings, or Contaminate may cause inaccurate times.
  • Supply counts are checked every 10 seconds.